Map: [ESL] Tropical Sacrifice

Players

Astrea - Winner!

  • Race: Protoss Protoss
  • League: Grandmaster
  • Spawn Location: 1:00

Ryung

  • Race: Terran Terran
  • Spawn Location: 7:00

VOD

Have the link to the VOD?

Description

Time

  • Played on: Aug. 6, 2022, 9:51 a.m.
  • Length: 10:44
Show
View Real Time Build Order
Export as new Build Order

Astrea Protoss - Winner!

Build Orders: 1 Gate Expand, Phoenix Opening 

Get SALT Encoding   

  12  0:00  Probe  
  13  0:12  Probe  
  14  0:18  Pylon  
  14  0:24  Probe (Chrono Boost)  
  15  0:37  Probe (Chrono Boost), Gateway  
  16  0:44  Probe (Chrono Boost)  
  16  0:46  Assimilator  
  17  0:51  Probe  
  18  1:03  Probe  
  19  1:15  Probe  
  20  1:24  Nexus  
  20  1:32  Assimilator  
  21  1:37  Cybernetics Core  
  21  1:38  Probe  
  21  1:44  Assimilator  
  21  1:50  Probe  
  22  1:54  Pylon  
  22  2:03  Probe  
  23  2:10  Adept (Chrono Boost)  
  23  2:11  Probe  
  25  2:18  Stargate  
  25  2:19  Probe  
  26  2:28  Warp Gate  
  27  2:31  Probe  
  27  2:35  Adept  
  30  2:40  Probe  
  31  2:45  Probe  
  32  2:52  Probe  
  32  2:57  Probe  
  34  3:00  Phoenix (Chrono Boost)  
  34  3:04  Probe  
  37  3:07  Gateway  
  37  3:09  Probe  
  38  3:14  Pylon  
  38  3:19  Phoenix (Chrono Boost)  
  38  3:22  Probe  
  38  3:24  Probe  
  42  3:34  Probe, Gateway  
  42  3:37  Probe  
  42  3:39  Phoenix (Chrono Boost)  
  46  3:47  Probe  
  47  3:53  Probe  
  48  3:57  Twilight Council  
  48  4:00  Probe  
  48  4:01  Shield Battery  
  49  4:06  Pylon  
  49  4:08  Phoenix  
  52  4:14  Gateway  
  51  4:17  Gateway  
  51  4:21  Adept  
  53  4:28  Charge (Chrono Boost)  
  53  4:31  Pylon  
  53  4:39  Nexus  
  53  4:42  Probe  
  53  4:44  Probe  
  55  4:47  Phoenix  
  57  4:54  Probe  
  58  5:00  Zealot x3  
  58  5:05  Pylon  
  64  5:10  Pylon  
  64  5:13  Zealot x2  
  68  5:20  Phoenix  
  70  5:25  Pylon  
  70  5:27  Zealot x2  
  74  5:30  Zealot  
  76  5:38  Pylon  
  76  5:45  Phoenix (Chrono Boost)  
  76  5:49  Zealot x3  
  84  5:50  Zealot  
  84  5:53  Zealot  
  88  6:00  Probe x3  
  91  6:10  Forge  
  91  6:11  Phoenix (Chrono Boost)  
  91  6:12  Pylon  
  91  6:18  Probe  
  94  6:20  Probe  
  95  6:30  Phoenix (Chrono Boost)  
  87  6:32  Zealot  
  87  6:33  Zealot x3  
  87  6:34  Probe  
  87  6:36  Protoss Ground Weapons Level 1 (Chrono Boost)  
  87  6:37  Probe  
  87  6:39  Probe  
  80  6:52  Probe x3  
  80  6:53  Oracle (Chrono Boost)  
  86  7:00  Zealot x4  
  86  7:01  Pylon  
  94  7:04  Probe x3  
  97  7:16  Probe  
  97  7:21  Gateway  
  98  7:22  Sentry  
  98  7:23  Gateway, Zealot x3  
  98  7:29  Zealot  
  108  7:34  Pylon  
  108  7:42  Pylon  
  108  7:46  Zealot x4  
  108  7:49  Pylon  
  116  7:52  Pylon  
  116  7:53  Probe x2  
  116  7:55  Assimilator  
  116  7:57  Forge  
  118  7:59  Zealot  
  118  8:02  Phoenix  
  122  8:08  Zealot x4  
  130  8:20  Nexus  
  130  8:29  Shield Battery x2, Zealot x2  
  134  8:36  Zealot x4  
  134  8:38  Zealot  
  134  8:39  Phoenix  
  128  8:56  Zealot x2  
  128  8:57  Zealot x4  
  128  9:02  Zealot  
  130  9:07  Phoenix  
  127  9:18  Zealot x6  
  135  9:24  Zealot  
  135  9:32  Phoenix  
  135  9:38  Zealot x5  
  147  9:50  Zealot  
  128  9:54  Probe, Zealot x3  
  128  9:56  Probe  
  102  10:00  Zealot x2  
  102  10:04  Zealot  
  100  10:12  Zealot x3  
  106  10:16  Phoenix  
  108  10:21  Zealot x2  
  110  10:32  Zealot x2  
  110  10:33  Zealot x2  
Show
View Real Time Build Order
Export as new Build Order

Ryung Terran 

Build Orders: Reaper Expand 

Get SALT Encoding   

  12  0:00  SCV  
  13  0:12  SCV  
  14  0:17  Supply Depot  
  14  0:24  SCV  
  15  0:38  SCV  
  15  0:39  Barracks  
  16  0:44  Refinery  
  16  0:51  SCV  
  17  1:03  SCV  
  18  1:06  Supply Depot  
  18  1:15  SCV  
  19  1:26  Reaper  
  19  1:27  Orbital Command  
  20  1:50  Command Center  
  20  1:53  SCV  
  21  2:03  Barracks Reactor  
  21  2:05  SCV  
  22  2:11  Barracks  
  22  2:18  SCV  
  22  2:22  Barracks  
  23  2:30  SCV  
  24  2:40  Marine x2  
  24  2:42  SCV  
  24  2:44  Refinery  
  27  2:54  SCV  
  27  2:58  Barracks Tech Lab  
  28  3:01  Orbital Command, Engineering Bay  
  28  3:02  Marine x2  
  30  3:06  SCV  
  30  3:12  Barracks Tech Lab  
  31  3:18  Stimpack, SCV  
  32  3:21  Marine x3  
  32  3:26  Orbital Command  
  35  3:30  SCV  
  36  3:34  Terran Infantry Weapons Level 1  
  36  3:41  Marine x2  
  36  3:42  SCV, Supply Depot, Marine  
  36  3:45  Marine  
  41  3:49  Combat Shield  
  41  3:52  SCV  
  41  3:55  SCV  
  43  4:02  Supply Depot  
  43  4:04  Marine  
  43  4:05  SCV, Marine  
  43  4:07  SCV  
  43  4:08  Marine  
  48  4:10  Marine  
  48  4:17  Factory, SCV  
  49  4:19  SCV  
  51  4:24  Supply Depot  
  51  4:28  Marine x3  
  51  4:30  Marine  
  55  4:31  SCV  
  55  4:34  SCV  
  57  4:38  Supply Depot  
  57  4:42  Missile Turret  
  57  4:45  SCV  
  58  4:46  SCV  
  58  4:49  Missile Turret  
  58  4:52  Marine x2  
  59  4:53  Marine x2  
  59  4:58  SCV x2  
  62  5:04  Starport  
  62  5:05  Factory Reactor  
  62  5:10  SCV x2  
  62  5:13  Refinery  
  64  5:18  Marine x3  
  64  5:19  Marine  
  67  5:23  SCV x2  
  69  5:29  Terran Infantry Armor Level 1, Supply Depot  
  69  5:31  Supply Depot  
  69  5:35  SCV x2  
  71  5:41  Marauder x2, Marine x2  
  70  5:50  SCV x2  
  70  5:55  Medivac x2, Factory Reactor  
  76  6:00  Barracks  
  76  6:04  Barracks, Supply Depot  
  76  6:06  Marine x2  
  76  6:07  Supply Depot  
  76  6:09  Marauder  
  80  6:12  Marauder  
  80  6:13  Concussive Shells  
  80  6:18  SCV x2  
  77  6:27  Marine x2  
  77  6:29  Marine  
  56  6:33  Medivac  
  56  6:34  Medivac  
  56  6:38  Marine  
  55  6:40  Widow Mine  
  55  6:45  Marine x2  
  56  6:48  Marine  
  56  6:51  Widow Mine  
  58  6:55  Marine  
  58  6:57  Marine  
  60  7:02  Marine  
  60  7:03  Marine x2  
  60  7:06  Marine  
  60  7:07  Medivac  
  66  7:13  Marine  
  66  7:14  Marine  
  68  7:18  Medivac  
  68  7:20  Marine  
  68  7:21  Marine  
  71  7:23  Widow Mine  
  71  7:25  Widow Mine  
  75  7:41  Marine  
  75  7:42  Marauder x2, Marine x3  
  83  7:59  Widow Mine x2, Marine x2  
  83  8:00  Marine x2  
  83  8:02  Marine  
  83  8:03  Marine  
  93  8:17  Marine x4  
  97  8:20  Marine x2  
  99  8:35  Marine x4  
  99  8:38  Marine x2  
  105  8:48  Bunker  
  105  8:53  Marine x4  
  97  8:56  Marine x2  
  90  9:10  Marine  
  90  9:11  Marine x3  
  90  9:14  Marine x2  
  92  9:28  Marine x2  
  92  9:29  Marine x2  
  90  9:32  Marine x2  
  91  9:46  Marine x3  
  91  9:47  Marine  
  91  9:49  Marine  
  91  9:50  Marine  
  63  10:04  Medivac, Marine x4  
  69  10:07  Marine x2  
  66  10:22  Marine x4  
  66  10:25  Marine x2  
Tags
 
Add a new tag
Caveats
  • Supply blocks, unpowered buildings, or Contaminate may cause inaccurate times.
  • Supply counts are checked every 10 seconds.